 Dungeon Crawl Stone Soup version 0.27-a0-417-g317cea8a3c (webtiles) character file.

Game seed: 3312489763591308137

7207 wampuh the Transmogrifier (level 10, 0/81 HPs)
             Began as a Green Draconian Transmuter on Feb 25, 2021.
             Was a Believer of Ru.
             Slain by Harold
             ... wielding a +2 vorpal glaive
              (19 damage)
             ... on level 9 of the Dungeon.
             The game lasted 00:22:18 (15021 turns).

wampuh the Transmogrifier (DrTm)                   Turns: 15021, Time: 00:22:18

Health: 0/81       AC:  9    Str: 12    XL:     10   Next: 87%
Magic:  7/16       EV: 13    Int: 17    God:    Ru [**....]
Gold:   566        SH:  0    Dex: 12    Spells: 6/17 levels left

rFire    . . .     SeeInvis .     - Unarmed
rCold    + . .     Faith    .   (shield currently unavailable)
rNeg     . . .     Spirit   .   (armour unavailable)
rPois    +         Reflect  .   (helmet restricted)
rElec    .         Harm     .   y - +0 cloak
rCorr    .         Rampage  .   (gloves currently unavailable)
Will     .....                  I - +0 pair of boots
Stlth    +.........             H - amulet of the acrobat
HPRegen  0.23/turn              q - ring of protection from cold
MPRegen  0.15/turn              (no ring)

@: short of breath, blade hands (expiring), very slightly contaminated
A: breathe noxious fumes, unfitting armour, poison resistance, cold-blooded,
hated by all, no air magic, no hexes magic, no translocations magic, AC +7
a: Breathe Noxious Fumes, End Transformation, Renounce Religion


You were on level 9 of the Dungeon.
You worshipped Ru.
Ru was pleased with you.
You had blades for hands.
You visited 1 branch of the dungeon, and saw 9 of its levels.

You collected 774 gold pieces.
You spent 208 gold pieces at shops.

Inventory:

Armour
 n - a +2 pair of gloves (melded)
 y - a +0 cloak (worn)
 I - a +0 pair of boots (worn)
Magical Staves
 h - a staff of death
Jewellery
 l - an amulet of guardian spirit
 q - a ring of protection from cold (left scythe-like blade)
 u - a ring of ice
 w - an amulet of faith
 H - an amulet of the acrobat (around neck)
Wands
 A - a wand of digging (7)
 B - a wand of iceblast (4)
 D - a wand of acid (12)
 E - a wand of charming (8)
 F - a wand of polymorph (10)
 G - a wand of paralysis (11)
Scrolls
 b - 2 scrolls of magic mapping
 c - 5 scrolls of teleportation
 e - 4 scrolls of enchant armour
 m - 2 scrolls of immolation
 p - 2 scrolls of fear
 s - a scroll of blinking
 v - a scroll of fog
 x - a scroll of enchant weapon
 z - 2 scrolls of amnesia
 C - a scroll of summoning
Potions
 a - a potion of might {unknown}
 d - 2 potions of cancellation
 f - 2 potions of magic {unknown}
 g - 2 potions of berserk rage {unknown}
 i - a potion of lignification {unknown}
 j - 3 potions of curing
 k - 2 potions of flight {unknown}
 o - 3 potions of heal wounds {unknown}
 r - a potion of attraction {unknown}
 J - 2 potions of invisibility {unknown}
 K - a potion of mutation {unknown}
 L - a potion of brilliance {unknown}


   Skills:
 - Level 5.0 Fighting
 - Level 4.0 Dodging
 - Level 7.0 Unarmed Combat
 - Level 4.0 Spellcasting
 + Level 12.9 Transmutations
 - Level 5.0 Poison Magic


You had 6 spell levels left.
You knew the following spells:

 Your Spells              Type           Power        Failure   Level
a - Beastly Appendage     Tmut           94%          7%          1
b - Wereblood             Tmut           47%          8%          2
c - Blade Hands           Tmut           23%          22%         5
d - Spider Form           Tmut/Pois      16%          17%         3

Your spell library contained the following spells:

 Spells                   Type           Power        Failure   Level
 Ice Form                 Ice/Tmut       25%          47%         4
 Petrify                  Tmut/Erth      25%          47%         4
 Foxfire                  Conj/Fire      12%          56%         1
 Conjure Flame            Conj/Fire      3%           83%         3
 Dragon Form              Tmut           23%          89%         7
 Poisonous Vapours        Pois/Air       Unusable     N/A         2
 Mephitic Cloud           Conj/Pois/Air  Unusable     N/A         3
 Yara's Violent Unravell  Hex/Tmut       Unusable     N/A         5
 Confusing Touch          Hex            Unusable     N/A         3
 Gell's Gravitas          Tloc           Unusable     N/A         3
 Cause Fear               Hex            Unusable     N/A         4
 Metabolic Englaciation   Hex/Ice        Unusable     N/A         5
 Freezing Cloud           Conj/Ice/Air   Unusable     N/A         6
 Dragon's Call            Summ           Unusable     N/A         9

Dungeon Overview and Level Annotations

Branches:
Dungeon (9/15)             Temple (0/1) D:7            Lair (0/6) D:8
    Orc (0/2) D:9

Altars:
Cheibriados
Fedhas
Gozag
Hepliaklqana
Nemelex Xobeh
Ru
Sif Muna
Trog
Vehumet
Zin

Shops:
D:4 (   D:7 *

Annotations:
D:9 Harold


Innate Abilities, Weirdness & Mutations

You can breathe blasts of noxious fumes.
Your lurid green scales are hard. (AC +7)
You cannot fit into any form of body armour.
Your system is resistant to poisons. (rPois)
You are cold-blooded and may be slowed by cold attacks.
You are hated by all.
You cannot study or cast Air magic.
You cannot study or cast Hexes magic.
You cannot study or cast Translocations magic.


Message History

Your hands turn into razor-sharp scythe blades.
Your +2 pair of gloves melds into your body.
You slash Harold!
Harold is lightly wounded.
Harold closely misses you.
You hit Harold.
Harold is lightly wounded.
Harold misses you.
You hit Harold but do no damage.
Harold is lightly wounded.
Aiming: Corrosive Bolt
Press: ? - help, Shift-Dir - straight line, f - Harold
Aim: Harold, wielding a +2 vorpal glaive, wearing a +4 scale mail of poison resistance and quivering 2 throwing nets (lightly wounded, 17% to evade)
The bolt of acid misses Harold.
You have got your breath back.
Harold hits you with a +2 vorpal glaive!
Aiming: Corrosive Bolt
Press: ? - help, Shift-Dir - straight line, f/p - Harold
Aim: Harold, wielding a +2 vorpal glaive, wearing a +4 scale mail of poison resistance and quivering 2 throwing nets (lightly wounded, 17% to evade)
The bolt of acid hits Harold.
Harold is splashed with acid.
The acid corrodes Harold!
Harold is moderately wounded.
Your transformation is almost over.
Harold hits you with a +2 vorpal glaive!
Press: ? - help, Shift-Dir - straight line, f/p - Harold
Aim: Harold, wielding a +2 vorpal glaive, wearing a +4 scale mail of poison resistance and quivering 2 throwing nets (moderately wounded, covered in acid)
You exhale a blast of noxious fumes.
The blast of choking fumes hits Harold.
Harold completely resists.
Harold is moderately wounded.
Harold hits you with a +2 vorpal glaive!
* * * LOW HITPOINT WARNING * * *
x2 You barely miss Harold.
Harold is moderately wounded.
You hit Harold but do no damage.
Harold is moderately wounded.
Harold barely misses you.
You slash Harold!
Harold is moderately wounded.
Harold hits you with a +2 vorpal glaive!!
You die...

#.......#.....#....#
#.......#.....#....#
#.......#.....#....#
#.......#''####....#
#..................#
##....)#######......#
.......# #......#
.......# #......#
###....# #..@...#
#....# #.@....#
####.# #°..$..# #...
.○......#
......°.......#
.....°........#
#############


You could see Harold (corroded).

Vanquished Creatures
  Pikel (D:6)
  A cyclops (D:7)
  Joseph (D:9)
  Maurice (D:8)
  A troll (D:8)
  Grinder (D:4)
  Prince Ribbit (D:8)
  Sigmund (D:4)
  A shadow (D:9)
  Grum (D:8)
  A steam dragon (D:8)
  4 orc warriors
  2 ice beasts
  An eye of draining (D:8)
  A sky beast (D:5)
  A necrophage (D:9)
  3 wolves
  3 ogres
  2 centaurs
  10 phantoms
  A kobold brigand (D:9)
  6 bullfrogs
  A wyvern skeleton (D:4)
  3 troll zombies (D:9)
  3 scorpions (D:9)
  5 wights (D:6)
  2 howler monkeys (D:5)
  A quasit (D:9)
  6 jellies
  2 bullfrog zombies
  A hound (D:5)
  Crazy Yiuf (D:7)
  2 centaur skeletons
  2 orc priests
  2 iguanas
  7 orc wizards
  12 worker ants
  4 ogre zombies (D:9)
  A hound skeleton (D:4)
  8 adders
  3 shadow imps
  2 white imps
  2 ufetubi
  2 oozes
  2 adder zombies
  2 adder skeletons (D:4)
  4 worms
  4 dart slugs
  12 leopard geckos
  23 orcs
  6 giant cockroaches
  13 hobgoblins
  5 jackals
  5 quokkas
  2 ball pythons
  6 bats
  10 frilled lizards
  10 goblins
  2 goblin skeletons (D:9)
  2 goblin zombies (D:9)
  A hobgoblin skeleton (D:9)
  4 hobgoblin zombies (D:9)
  10 kobolds
  4 orc skeletons (D:9)
  11 orc zombies (D:9)
  A quokka skeleton (D:6)
  11 rats
267 creatures vanquished.

Vanquished Creatures (others)
  A kobold (D:9)
  2 fungi (D:5)
  4 toadstools (D:5)
7 creatures vanquished.

Grand Total: 274 creatures vanquished

Notes
Turn   | Place    | Note
-------+----------+-------------------------------------------
     0 | D:1      | wampuh the Draconian Transmuter began the quest for the
                  | Orb.
     0 | D:1      | Reached XP level 1. HP: 16/16 MP: 3/3
   226 | D:1      | Reached XP level 2. HP: 13/23 MP: 3/5
   610 | D:1      | Reached skill level 3 in Transmutations
   776 | D:1      | Reached XP level 3. HP: 28/28 MP: 4/6
   980 | D:1      | Learned a level 2 spell: Wereblood
  1337 | D:2      | Found a hazy altar of Hepliaklqana.
  1337 | D:2      | Found a shimmering blue altar of Sif Muna.
  1345 | D:2      | Found a radiant altar of Vehumet.
  1346 | D:2      | Found a snail-covered altar of Cheibriados.
  1357 | D:2      | Found a sparkling altar of Nemelex Xobeh.
  1482 | D:2      | Reached XP level 4. HP: 35/35 MP: 6/8
  2301 | D:3      | Reached skill level 4 in Transmutations
  2692 | D:3      | Reached XP level 5. HP: 38/40 MP: 7/9
  4250 | D:4      | Reached skill level 5 in Transmutations
  4824 | D:4      | Reached XP level 6. HP: 47/47 MP: 11/11
  4882 | D:4      | Found Umut's Weapon Emporium.
  5042 | D:4      | Noticed Grinder
  5060 | D:4      | Paralysed by Grinder for 6 turns
  5070 | D:4      | Killed Grinder
  5071 | D:4      | Reached skill level 6 in Transmutations
  5077 | D:4      | Learned a level 4 spell: Ice Form
  5194 | D:4      | Noticed Sigmund
  5215 | D:4      | Your scales start taking on a lurid green colour.
  5215 | D:4      | Reached XP level 7. HP: 39/52 MP: 9/13
  5215 | D:4      | Gained mutation: Your system is resistant to poisons.
                  | (rPois) [Green Draconian growth]
  5217 | D:4      | Killed Sigmund
  5218 | D:4      | Reached skill level 7 in Transmutations
  5383 | D:4      | Learned a level 3 spell: Spider Form
  5468 | D:4      | Found a blossoming altar of Fedhas.
  5468 | D:4      | Found a bloodstained altar of Trog.
  5642 | D:5      | Entered Level 5 of the Dungeon
  5808 | D:5      | Reached skill level 1 in Poison Magic
  5914 | D:5      | Reached skill level 8 in Transmutations
  6123 | D:5      | Reached XP level 8. HP: 36/59 MP: 9/14
  6748 | D:5      | Learned a level 5 spell: Blade Hands
  6928 | D:6      | Reached skill level 9 in Transmutations
  7557 | D:6      | Found a glowing silver altar of Zin.
  7576 | D:6      | Found a sacrificial altar of Ru.
  7589 | D:6      | Became a worshipper of Ru the Awakened
  7613 | D:6      | Noticed Pikel
  7631 | D:6      | Killed Pikel
  7632 | D:6      | Reached skill level 10 in Transmutations
  7632 | D:6      | Reached skill level 5 in Poison Magic
  7632 | D:6      | Reached XP level 9. HP: 37/64 MP: 5/15
  8505 | D:6      | Found an opulent altar of Gozag.
  9239 | D:7      | Noticed a cyclops
  9473 | D:7      | Found a staircase to the Ecumenical Temple.
  9487 | D:7      | Reached skill level 11 in Transmutations
  9799 | D:7      | Found Xyuw's Assorted Antiques.
  9811 | D:7      | Gained mutation: You cannot study or cast Air magic. [Ru
                  | sacrifice]
  9811 | D:7      | Gained mutation: You cannot study or cast Hexes magic. [Ru
                  | sacrifice]
  9811 | D:7      | Gained mutation: You cannot study or cast Translocations
                  | magic. [Ru sacrifice]
  9811 | D:7      | Reached * piety under Ru
  9950 | D:7      | Found a runed translucent door.
  9951 | D:7      | Noticed Crazy Yiuf
 10081 | D:7      | Killed Crazy Yiuf
 10162 | D:8      | Noticed Grum
 10271 | D:7      | Killed a cyclops
 10596 | D:8      | Reached skill level 5 in Unarmed Combat
 10598 | D:8      | Reached XP level 10. HP: 43/80 MP: 4/16
 10876 | D:8      | Killed Grum
 11154 | D:8      | Noticed Maurice
 11167 | D:8      | Killed Maurice
 11168 | D:8      | Reached skill level 5 in Fighting
 11384 | D:8      | Noticed a death yak
 11385 | D:8      | Noticed a death yak
 11387 | D:8      | Noticed a death yak
 11387 | D:8      | Noticed a death yak
 11387 | D:8      | Noticed a death yak
 11394 | D:8      | Noticed a death yak
 11644 | D:7      | Bought an iron wand for 104 gold pieces
 11644 | D:7      | Bought an encrusted bone wand for 104 gold pieces
 12075 | D:8      | Noticed Prince Ribbit
 12080 | D:8      | Killed Prince Ribbit
 12180 | D:8      | Found a staircase to the Lair.
 13173 | D:9      | Reached skill level 12 in Transmutations
 13897 | D:9      | Gained mutation: You are hated by all. [Ru sacrifice]
 13897 | D:9      | Reached ** piety under Ru
 14279 | D:9      | Found a staircase to the Orcish Mines.
 14552 | D:9      | Noticed Joseph
 14564 | D:9      | Killed Joseph
 15008 | D:9      | Noticed Harold
 15021 | D:9      | Slain by Harold

Illustrated notes

Levels and vault maps discovered:
D:1:      matt_arrival_spirals, layout_loops_ring, minmay_pentomino_s2
D:2:      minmay_alternating_diamond, layout_basic, grunt_temple_overflow_open
D:3:      layout_basic, minivault_26
D:4:      layout_cave_pods, gammafunk_temple_overflow_elements, serial_shops,
          shop, uniq_grinder, uniq_sigmund
D:5:      layout_loops_cross, minmay_gold_behind_fungi, minmay_misc_feat_tiny,
          minmay_checkerbox
D:6:      layout_cave_pods, pdpol_temple_overflow_zin_treasury_gozag_greed,
          lemuel_tele_altar, uniq_pikel
D:7:      layout_basic, minmay_temple_entry_slanted, serial_shops, shop,
          uniq_crazy_yiuf_cottage
D:8:      layout_basic, dpeg_lair_monsters, minivault_5, grunt_ministairs_1,
          uniq_prince_ribbit1, uniq_grum, uniq_maurice
D:9:      layout_irregular_city, zombieorc2_lemuel, uniq_harold, uniq_joseph

Skill      XL: |  1  2  3  4  5  6  7  8  9 10 |
---------------+-------------------------------+-----
Transmutations | 3 4 5 6 8 10 11 12 | 12.9
Spellcasting   | 3 4 |  4.0
Poison Magic   | 2 5 |  5.0
Dodging        | 4 |  4.0
Fighting       | 4 5 |  5.0
Unarmed Combat | 5 7 |  7.0

Action                   |  1- 3 |  4- 6 |  7- 9 | 10-12 || total
-------------------------+-------+-------+-------+-------++-------
Melee: Unarmed           |   109 |   239 |   122 |   213 ||   683
       Kick              |    24 |    54 |    23 |       ||   101
       Tailslap          |     7 |    24 |    22 |    19 ||    72
       Punch             |     1 |     1 |     1 |     4 ||     7
       Headbutt          |     7 |    31 |    13 |       ||    51
       Quarterstaff      |       |       |   114 |     5 ||   119
 Cast: Beastly Appendage |    27 |    34 |    19 |       ||    80
       Wereblood         |       |     3 |     4 |     2 ||     9
       Blade Hands       |       |       |    22 |    39 ||    61
       Spider Form       |       |       |     1 |       ||     1
Invok: Sacrifice Arcana  |       |       |     1 |       ||     1
       Sacrifice Love    |       |       |       |     1 ||     1
 Abil: Breathe Noxious F |       |       |     4 |     5 ||     9
Evoke: Wand              |       |     3 |       |     2 ||     5
  Use: Potion            |       |     1 |       |       ||     1
       Scroll            |       |       |    12 |     1 ||    13
 Stab: Sleeping          |       |     1 |       |       ||     1
       Distracted        |       |       |     1 |     1 ||     2
       Confused          |       |       |     2 |       ||     2
       Invisible         |       |       |       |     1 ||     1
Armor: Skin              |    34 |    79 |    59 |    62 ||   234
Dodge: Dodged            |    75 |   156 |   131 |   132 ||   494

Table legend: (Time is in decaauts)
 A = Elapsed time spent in this place.
 B = Non-inter-level travel time spent in this place.
 C = Inter-level travel time spent in this place.
 D = Time resting spent in this place.
 E = Time spent auto-exploring this place.
 F = Levels seen in this place.
 G = Mean time per level.
                   A        B        C        D        E       F      G
               +--------+--------+--------+--------+--------+-----+--------+
         Total |  15009 |  14604 |    405 |   3473 |   8821 |   9 | 1667.7 |
       Dungeon |  15009 |  14604 |    405 |   3473 |   8821 |   9 | 1667.7 |
               +--------+--------+--------+--------+--------+-----+--------+

Top non-repeatable levels by time:
     D:7: 2473 daAuts
     D:6: 1879 daAuts
     D:9: 1851 daAuts
     D:8: 1797 daAuts
     D:3: 1627 daAuts
     D:4: 1610 daAuts
     D:5: 1385 daAuts
     D:1: 1332 daAuts
     D:2: 1051 daAuts
